 Dungeon Crawl Stone Soup version 0.30-a0-715-gdb4ae3ece1 (webtiles) character file.

Game seed: 5954325799041328748

627 RapScallion the Slasher (level 7, -1/53 (60) HPs)
             Began as a Hill Orc Reaver on Jan 24, 2023.
             Slain by an orc
             ... wielding a +0 short sword
              (2 damage)
             ... on level 3 of the Dungeon on Jan 25, 2023.
             The game lasted 00:29:31 (3805 turns).

RapScallion the Slasher (Hill Orc Reaver)           Turns: 3805, Time: 00:29:31

HP:   -1/53 (60)    AC:  7    Str: 15    XL:     7   Next: 48%
MP:   10/10         EV: 12    Int: 13    God:
Gold: 144           SH:  0    Dex: 11    Spells: 7/10 levels left

rFire   + . .      SeeInvis .    a - +1 falchion
rCold   . . .      Faith    .    (no shield)
rNeg    . . .      Spirit   .    b - +0 leather armour
rPois   .          Reflect  .    j - +0 helmet
rElec   .          Harm     .    (no cloak)
rCorr   .          Rampage  .    o - +1 pair of gloves
Will    .....                    p - +0 pair of boots
Stlth   +                        (no amulet)
HPRegen 0.28/turn                n - ring of protection from fire
MPRegen 0.12/turn                (no ring)

@: brilliant, lethally poisoned (-1 -> -4), heavily drained
A: no striking features
a: no special abilities


You were on level 3 of the Dungeon.
You visited 1 branch of the dungeon, and saw 3 of its levels.
You also visited: Sewer.

You collected 144 gold pieces.

Inventory:

Hand Weapons
 a - a +1 falchion (weapon)
 h - a +2 hand axe of flaming
Missiles
 i - a throwing net
Armour
 b - a +0 leather armour (worn)
 j - a +0 helmet (worn)
 o - a +1 pair of gloves (worn)
 p - a +0 pair of boots (worn)
Jewellery
 k - a ring of fire
 n - a ring of protection from fire (left hand)
Wands
 r - a wand of flame (7)
Scrolls
 d - 3 scrolls of noise
 e - a scroll of immolation
 g - a scroll of amnesia
 l - a scroll of vulnerability
Potions
 c - 4 potions of flight


   Skills:
 + Level 4.4 Fighting
 + Level 6.1 Long Blades
 + Level 3.2 Armour
 + Level 2.9 Dodging
 + Level 2.1 Spellcasting
 + Level 3.5 Conjurations
 + Level 0.4 Necromancy
 + Level 0.3 Translocations


You had 7 spell levels left.
You knew the following spells:

 Your Spells              Type           Power      Damage    Failure   Level
a - Kiss of Death         Conj/Necr      36%        2d8       14%         1
b - Momentum Strike       Conj/Tloc      18%        3d8       22%         2

Your spell library contained the following spells:

 Spells                   Type           Power      Damage    Failure   Level
 Lesser Beckoning         Tloc           6%         N/A       38%         2
 Hailstorm                Conj/Ice       9%         3d4       41%         3
 Gell's Gravitas          Tloc           3%         N/A       63%         3
 Teleport Other           Tloc           3%         N/A       63%         3
 Kindle Blastsparks       Fire/Tloc/Air  4%         2d10      65%         3
 Ignite Poison            Fire/Tmut/Pois 2%         N/A       67%         3
 Freezing Cloud           Conj/Ice/Air   3%         6-21      99%         5


Dungeon Overview and Level Annotations

Branches:
Dungeon (3/15)              Sewer (visited)

Altars:
Wu Jian

Annotations:
D:1 1 transporter
D:2 1 runed translucent door, Crazy Yiuf
D:3 Ijyb


Message History

The orc misses you. The bat hits you but does no damage.
The frilled lizard barely misses you. The quokka completely misses you.
You hit the quokka but do no damage.
The quokka is heavily wounded.
The bat barely misses you. x2; The orc barely misses you.
The frilled lizard barely misses you. The quokka bites you.
* * * LOW HITPOINT WARNING * * *
You hit the quokka.
You kill the quokka!
The bat hits you but does no damage. The frilled lizard barely misses you.
The orc hits you but does no damage. The bat barely misses you.
You closely miss the adder. The bat hits you but does no damage.
The adder bites you but does no damage. The frilled lizard barely misses you.
The orc hits you but does no damage. The adder barely misses you.
You slash the adder!
The adder is almost dead.
The orc closely misses you. The endoplasm barely misses you.
The frilled lizard closely misses you. The adder bites you but does no damage.
You barely miss the adder.
The adder is almost dead.
The adder bites you but does no damage. The frilled lizard barely misses you.
The orc closely misses you. The endoplasm barely misses you.
You barely miss the adder.
The adder is almost dead.
The adder bites you.
* * * LOW HITPOINT WARNING * * *
The frilled lizard bites you but does no damage.
The orc barely misses you. The endoplasm freezes you.
You are frozen.
* * * LOW HITPOINT WARNING * * *
The adder bites you.
* * * LOW HITPOINT WARNING * * *
You are lethally poisoned!
The adder poisons you!
You slash the adder!
You kill the adder!
* * * LOW HITPOINT WARNING * * *
You feel sick. The orc hits you with a +0 short sword.
You die...

##.......##
#########
########
+......#
#......#
##o.....#
#@Jb.# #†#lo.#
#.g#ow.#
..##'###......
+##..# ......
#.# ...... ##
######


You could see a worm, 3 orcs, an endoplasm, a goblin, a bat and a frilled
lizard.

Vanquished Creatures
  Grinder (D:3)
  Sigmund (D:2)
  An orc priest (D:3)
  5 river rats (Sewer)
  10 adders
  3 worms
  2 dart slugs (D:1)
  3 orcs (D:3)
  12 bats
  6 endoplasms
  8 giant cockroaches
  11 goblins
  5 hobgoblins
  12 jackals
  A kobold (D:1)
  3 quokkas
  7 ball pythons
  8 frilled lizards
  10 rats
109 creatures vanquished.

Vanquished Creatures (others)
  3 fungi (D:2)
3 creatures vanquished.

Grand Total: 112 creatures vanquished

Notes
Turn   | Place    | Note
-------+----------+-------------------------------------------
     0 | D:1      | RapScallion the Hill Orc Reaver began the quest for the
                  | Orb.
     0 | D:1      | Reached XP level 1. HP: 18/18 MP: 3/3
    40 | D:1      | Reached XP level 2. HP: 22/25 MP: 4/4
   287 | D:1      | Reached XP level 3. HP: 6/31 MP: 5/5
   811 | D:2      | Reached skill level 1 in Armour
   841 | D:2      | Learned a level 2 spell: Momentum Strike
   873 | D:2      | Found a runed translucent door.
   874 | D:2      | Noticed Crazy Yiuf
   937 | D:2      | Reached XP level 4. HP: 38/38 MP: 6/6
  1337 | D:2      | Noticed Sigmund
  1351 | D:2      | Killed Sigmund
  1352 | D:2      | Reached skill level 4 in Long Blades
  1352 | D:2      | Reached XP level 5. HP: 30/45 MP: 3/8
  1352 | D:2      | Reached XP level 6. HP: 34/51 MP: 3/9
  1805 | D:3      | Found a faded altar of an unknown god.
  1926 | D:3      | Found a glowing drain.
  1943 | D:3      | Found an ornate altar of the Wu Jian Council.
  1970 | Sewer    | Entered a sewer
  2188 | Sewer    | Reached skill level 5 in Long Blades
  2504 | Sewer    | HP: 2/44 [river rat (2)]
  2523 | Sewer    | HP: 2/45 [river rat (1)]
  3564 | D:3      | Noticed Grinder
  3576 | D:3      | Killed Grinder
  3577 | D:3      | Reached skill level 6 in Long Blades
  3577 | D:3      | Reached XP level 7. HP: 25/60 MP: 6/10
  3779 | D:3      | Noticed Ijyb
  3804 | D:3      | HP: 2/53 [adder (1)]
  3805 | D:3      | Slain by an orc

Illustrated notes

Levels and vault maps discovered:
D:1:      spicycebolla_arrival_risky_transporter, layout_rooms,
          minmay_hexomino_p4
D:2:      layout_basic, dreamdust_mushroom_princess, uniq_crazy_yiuf_cottage,
          uniq_sigmund
D:3:      minmay_chambers_of_threes, layout_basic, overflow_temple_1_default,
          hellmonk_ecumenical_altar_run_dry, cheibrodos_sewer_entry_sluice,
          uniq_terence, uniq_grinder, uniq_ijyb

Skill      XL: |  1  2  3  4  5  6 |
---------------+-------------------+-----
Fighting       | 3 4 |  4.4
Armour         | 1 2 3 |  3.2
Long Blades    | 4 6 |  6.1
Dodging        | 2 |  2.9
Spellcasting   | 2 |  2.1
Conjurations   | |  3.5
Necromancy     | |  0.4
Translocations | |  0.3

Action                     |  1- 3 |  4- 6 |  7- 9 || total
---------------------------+-------+-------+-------++-------
  Melee: Falchion          |   164 |   254 |    23 ||   441
         Punch             |       |     6 |       ||     6
   Cast: Momentum Strike   |       |     9 |     1 ||    10
         Kiss of Death     |       |     1 |     1 ||     2
    Use: Potion            |     1 |     5 |     1 ||     7
         Scroll            |     2 |     6 |     3 ||    11
 Armour: Leather armour    |    48 |   138 |    19 ||   205
  Dodge: Dodged            |   120 |   225 |    28 ||   373

Table legend: (Time is in decaauts)
 A = Elapsed time spent in this place.
 B = Non-inter-level travel time spent in this place.
 C = Inter-level travel time spent in this place.
 D = Time resting spent in this place.
 E = Time spent auto-exploring this place.
 F = Levels seen in this place.
 G = Mean time per level.
                   A        B        C        D        E       F      G
               +--------+--------+--------+--------+--------+-----+--------+
         Total |   3972 |   3800 |    172 |   1118 |    366 |   4 |  993.0 |
       Dungeon |   2381 |   2209 |    172 |    541 |    166 |   3 |  793.7 |
         Sewer |   1590 |   1590 |      0 |    577 |    200 |   1 | 1590.0 |
               +--------+--------+--------+--------+--------+-----+--------+

Top non-repeatable levels by time:
   Sewer: 1590 daAuts
     D:2: 963 daAuts
     D:1: 813 daAuts
     D:3: 605 daAuts
